 Dungeon Crawl Stone Soup version 0.27-a0-277-g024f7ef292 (webtiles) character file.

Game seed: 12594048909610095339

108 Borgoz the Ruffian (level 4, -5/38 HPs)
             Began as a Ghoul Gladiator on Feb 5, 2021.
             Slain by a gnoll (6 damage)
             ... while paralysed by Grinder
             ... on level 2 of the Dungeon.
             The game lasted 00:02:57 (1933 turns).

Borgoz the Ruffian (Ghoul Gladiator)                Turns: 1933, Time: 00:02:58

Health: -5/38      AC:  6    Str: 14 (17) XL:     4   Next: 87%
Magic:  3/3        EV:  2    Int:  2 (3)  God:
Gold:   225        SH:  0    Dex: 11      Spells: 3/3 levels left

rFire    . . .     SeeInvis .     - Unarmed
rCold    + . .     Faith    .   (no shield)
rNeg     + + +     Spirit   .   i - +0 ring mail
rPois    ∞         Reflect  .   b - +0 helmet
rElec    .         Harm     .   (no cloak)
rCorr    .         Rampage  .   (no gloves)
Will     .....                  (no boots)
Stlth    +.........             (no amulet)
HPRegen  0.00/turn              (no ring)
MPRegen  0.08/turn              (no ring)

@: paralysed, attractive
A: claws 1, cold resistance 1, negative energy resistance 3, inhibited
regeneration, torment resistance, unbreathing
a: no special abilities


You were on level 2 of the Dungeon.
You visited 1 branch of the dungeon, and saw 3 of its levels.

You collected 225 gold pieces.

Inventory:

Missiles
 c - 2 throwing nets (quivered)
Armour
 b - a +0 helmet (worn)
 i - a +0 ring mail (worn)
Jewellery
 h - an uncursed ring of fire
Scrolls
 e - a scroll of teleportation
Potions
 d - a potion of mutation


   Skills:
 + Level 3.2 Fighting
 - Level 1.7 Throwing
 + Level 1.7 Armour
 + Level 3.3 Dodging
 + Level 4.1 Unarmed Combat


You had 3 spell levels left.
You didn't know any spells.
Your spell library was empty.

Dungeon Overview and Level Annotations

Branches:
Dungeon (3/15)

Altars:
Dithmenos

Annotations:
D:2 Grinder


Innate Abilities, Weirdness & Mutations

You thrive by killing the living.
You are immune to poison.
You have sharp fingernails.
Your flesh is cold resistant. (rC+)
You are immune to negative energy. (rN+++)
You do not regenerate when monsters are visible.
You are immune to unholy pain and torment.
You can survive without breathing.


Message History

It was a potion of mutation.
You feel extremely strange.
Your body decomposes!
You feel weakened.
Your body decomposes!
You feel dopey.
Your body decomposes!
You feel weakened.
Your body decomposes!
You feel weakened. Grinder barely misses you. The gnoll barely misses you.
It was a potion of attraction.
You feel attractive to monsters. Grinder hits you.
* * * LOW HITPOINT WARNING * * *
The gnoll hits you but does no damage.
You scratch the gnoll.
The gnoll is lightly wounded.
Grinder gestures at you.
You suddenly lose the ability to move!
The gnoll hits you.
You die...

# ##.## #.### #..# ###
# #.# #..=# #..### #
#.# ###?# #....#####
#######.##### #.#
#.........
...)...#....# #.#
#....#####
#######.###.# #.#
#.....(... ### #.# #.#
#....####. #.# #.#
#####.#.#.###. #.#
#@###.....#.##....
#.####g5.............>.
#......>...##.##.##.#..
#########..###.#.#..#..
##...###...#.#..
##.....###.##.#..
#..........##.###
#.....<.......#
#.......#######


You could see Grinder and a gnoll.

Vanquished Creatures
  Terence (D:2)
  4 adders (D:2)
  An ooze (D:2)
  2 worms (D:2)
  A dart slug (D:2)
  2 leopard geckos
  2 bats (D:2)
  A giant cockroach (D:2)
  A hobgoblin (D:1)
  6 jackals (D:2)
  3 kobolds
  2 quokkas
  A ball python (D:1)
  3 frilled lizards
  3 goblins
  3 rats (D:1)
36 creatures vanquished.

Notes
Turn   | Place    | Note
-------+----------+-------------------------------------------
     0 | D:1      | Borgoz the Ghoul Gladiator began the quest for the Orb.
     0 | D:1      | Reached XP level 1. HP: 17/17 MP: 0/0
   160 | D:1      | Lost intelligence.
   332 | D:1      | Reached XP level 2. HP: 13/25 MP: 1/1
  1118 | D:2      | Reached skill level 1 in Armour
  1118 | D:2      | Reached XP level 3. HP: 30/30 MP: 2/2
  1122 | D:2      | Noticed Terence
  1182 | D:2      | Killed Terence
  1183 | D:2      | Reached XP level 4. HP: 13/38 MP: 3/3
  1335 | D:2      | Found a shadowy altar of Dithmenos.
  1410 | D:2      | Reached skill level 4 in Unarmed Combat
  1915 | D:3      | Noticed Grinder
  1932 | D:2      | HP: 1/38 [Grinder (6)]
  1933 | D:2      | Paralysed by Grinder for 2 turns
  1933 | D:2      | Slain by a gnoll

Illustrated notes

Levels and vault maps discovered:
D:1:      beargit_arrival_greenhouse, layout_loops_ring
D:2:      layout_loops_ring, overflow_temple_1_default, uniq_terence
D:3:      layout_loops_ring, lemuel_round_altar, lemuel_coloured_pillars_altar,
          uniq_crazy_yiuf_cottage, uniq_robin, uniq_grinder

Skill      XL: |  1  2  3  4 |
---------------+-------------+-----
Armour         | 1 |  1.7
Dodging        | 3 |  3.3
Fighting       | 3 |  3.2
Unarmed Combat | 4 |  4.1
Throwing       | |  1.7

Action                   |  1- 3 |  4- 6 || total
-------------------------+-------+-------++-------
Melee: Unarmed           |   107 |    52 ||   159
       Punch             |       |     1 ||     1
Throw: Throwing net      |     1 |       ||     1
  Use: Scroll            |     4 |     4 ||     8
       Potion            |     3 |     2 ||     5
Armor: Leather armour    |    10 |       ||    10
       Ring mail         |    45 |    26 ||    71
Dodge: Dodged            |   117 |    32 ||   149

Table legend: (Time is in decaauts)
 A = Elapsed time spent in this place.
 B = Non-inter-level travel time spent in this place.
 C = Inter-level travel time spent in this place.
 D = Time resting spent in this place.
 E = Time spent auto-exploring this place.
 F = Levels seen in this place.
 G = Mean time per level.
                   A        B        C        D        E       F      G
               +--------+--------+--------+--------+--------+-----+--------+
         Total |   2533 |   2510 |     23 |    250 |   1792 |   3 |  844.3 |
       Dungeon |   2533 |   2510 |     23 |    250 |   1792 |   3 |  844.3 |
               +--------+--------+--------+--------+--------+-----+--------+

Top non-repeatable levels by time:
     D:2: 1390 daAuts
     D:1: 1133 daAuts
     D:3: 10 daAuts
